Match 45472645
Unlisted

Match 45472645
End
Selects Luftwaffe Battlegroup
Selects Luftwaffe Pioneer Support
Fallschirmpioneer Squad Paradrop
Construct Infanterie Kompanie
Kettenkrad Recon Vehicle
Fallschirmpioneer Squad Paradrop
Medical Station
Selects Flak 38 Anti-Air Emplacement
Fallschirmpioneer Squad Paradrop
Construct Panzergrenadier Kompanie
Selects Stuka Strafing Run
251 Medium Carrier
251 Medium Carrier
Selects Fallschirmjäger Squad Paradrop
Fallschirmjäger Squad Paradrop
Stuka Strafing Run
Support Elements
Nebelwerfer 42 Rocket Launcher Team
Stuka Strafing Run
Nebelwerfer 42 Rocket Launcher Team
Selects Flak 36 Anti-tank Gun Emplacement
Stuka Strafing Run
Jeremy
皮皮
JT
Urge to Merge
torbjornuser
카츄사
PANDAKING
mooncat_black
0
0

Comments sign in to comment!

No comments posted yet!